 Dungeon Crawl Stone Soup version 0.29.1-15-g9cfb28693d (webtiles) character file.

Game seed: 13985251582497714983

39 cowcol the Covered (level 3, -10/33 HPs)
             Began as a Minotaur Fighter on Mar 24, 2023.
             Blown up by Ijyb (11 damage)
             ... with a mindburst bolt
             ... on level 2 of the Dungeon.
             The game lasted 00:03:47 (1444 turns).

cowcol the Covered (Minotaur Fighter)               Turns: 1444, Time: 00:03:47

Health: -10/33     AC:  7    Str: 20    XL:     3   Next: 26%
Magic:  2/2        EV:  9    Int:  5    God:
Gold:   44         SH:  4    Dex: 11    Spells: 2/2 levels left

rFire   . . .      SeeInvis .   a - +0 war axe
rCold   . . .      Faith    .   c - +0 buckler
rNeg    . . .      Spirit   .   b - +0 scale mail
rPois   .          Reflect  .   (helmet restricted)
rElec   .          Harm     .   (no cloak)
rCorr   .          Rampage  .   (no gloves)
Will    .....                   (no boots)
Stlth   ..........              (no amulet)
HPRegen 0.11/turn               (no ring)
MPRegen 0.08/turn               (no ring)

@: mighty
A: horns 2, retaliatory headbutt
a: no special abilities


You were on level 2 of the Dungeon.
You visited 1 branch of the dungeon, and saw 2 of its levels.

You collected 44 gold pieces.

Inventory:

Hand Weapons
 a - a +0 war axe (weapon)
Missiles
 k - 3 boomerangs (quivered)
Armour
 b - a +0 scale mail (worn)
 c - a +0 buckler (worn)
Jewellery
 e - a ring of protection from cold
Scrolls
 h - 3 scrolls of enchant weapon
 j - a scroll of teleportation
 n - a scroll of vulnerability
Potions
 g - a potion of haste {unknown}
 i - a potion of curing {unknown}
 l - a potion of degeneration {unknown}
 m - a potion of heal wounds {unknown}


   Skills:
 + Level 4.2 Fighting
 + Level 3.1 Axes
 + Level 4.4 Armour
 - Level 3.6 Shields


You had 2 spell levels left.
You didn't know any spells.
Your spell library was empty.

Dungeon Overview and Level Annotations

Branches:
Dungeon (2/15)

Altars:

Annotations:
D:2 Ijyb


Innate Abilities, Weirdness & Mutations

You have a pair of horns on your head.
You reflexively headbutt those who attack you in melee.


Message History

Ijyb hits you with a +0 dagger of speed.
You see here a +1 dagger of venom.
You hit Ijyb.
Ijyb is moderately wounded.
You completely miss the goblin. You closely miss Ijyb.
Ijyb hits you but does no damage. The goblin closely misses you.
Ijyb zaps a wand.
Your mind is blasted!
You barely miss Ijyb.
Ijyb is moderately wounded.
You barely miss the goblin. You block the goblin's attack.
Ijyb hits you but does no damage. x2; The goblin hits you but does no damage.
Unknown command.
You hit Ijyb but do no damage.
Ijyb is moderately wounded.
You barely miss the goblin. Ijyb hits you but does no damage.
You block the goblin's attack. Ijyb misses you.
You hit Ijyb but do no damage.
Ijyb is moderately wounded.
You miss the goblin.
Ijyb hits you with a +0 dagger of speed.
The goblin hits you but does no damage.
Ijyb hits you with a +0 dagger of speed.
The goblin hits you with a +0 dagger.
You barely miss Ijyb.
Ijyb is moderately wounded.
You barely miss the goblin.
Ijyb zaps a wand.
Your mind is blasted!
* * * LOW HITPOINT WARNING * * *
The goblin barely misses you.
Ijyb hits you with a +0 dagger of speed.
* * * LOW HITPOINT WARNING * * *
You feel very mighty all of a sudden.
Ijyb hits you with a +0 dagger of speed.
* * * LOW HITPOINT WARNING * * *
The goblin hits you but does no damage.
You barely miss Ijyb.
Ijyb is moderately wounded.
You slash the goblin!
You kill the goblin!
Ijyb zaps a wand.
Your mind is blasted!
You die...

# . ###.#.#
###.....[#
.........
##g#......
#<@)g.....
#.#8g....8
...#g......
.....#8.....8
##....#.......
#....#8.....8
#...?#.......
.....#8.....8


You could see Ijyb and 3 goblins.

Vanquished Creatures
  A dart slug (D:1)
  A bat (D:1)
  5 endoplasms (D:1)
  A giant cockroach (D:1)
  6 goblins
  5 hobgoblins (D:1)
  4 jackals (D:1)
  3 quokkas (D:1)
  A ball python (D:1)
  A kobold (D:1)
  3 rats (D:1)
31 creatures vanquished.

Notes
Turn   | Place    | Note
-------+----------+-------------------------------------------
     0 | D:1      | cowcol the Minotaur Fighter began the quest for the Orb.
     0 | D:1      | Reached XP level 1. HP: 19/19 MP: 0/0
   280 | D:1      | Reached XP level 2. HP: 27/27 MP: 1/1
   602 | D:1      | Reached XP level 3. HP: 33/33 MP: 2/2
  1081 | D:1      | Found a faded altar of an unknown god.
  1428 | D:2      | Noticed Ijyb
  1443 | D:2      | HP: 1/33 [Ijyb/+0 dagger of speed (1)]
  1444 | D:2      | Blown up by Ijyb

Illustrated notes

Levels and vault maps discovered:
D:1:      dpeg_arrival_concentric_ovals, layout_basic,
          shapermc_ecumenical_altar_flowoftime
D:2:      kennysheep_the_goblin_king, layout_basic

Skill      XL: |  1  2 |
---------------+-------+-----
Armour         | 4 |  4.4
Fighting       | 4 |  4.2
Axes           | 3 |  3.1
Shields        | |  3.6

Action                   || total
-------------------------++-------
Melee: War axe           ||    61
       Headbutt          ||     7
Throw: Stone             ||     1
       Boomerang         ||     2
  Use: Scroll            ||     4
       Potion            ||     1
Armor: Scale mail        ||    32
Dodge: Dodged            ||    30
Block: Buckler           ||    15
